 Dungeon Crawl Stone Soup version 0.17-a0-1378-g281efdd (webtiles) character file.

2383 Umineko the Shield-Bearer (level 9, -6/79 HPs)
             Began as a Minotaur Fighter on June 14, 2015.
             Killed from afar by an electric eel (12 damage)
             ... with a bolt of electricity
             ... on level 8 of the Dungeon.
             The game lasted 00:45:22 (6569 turns).

Umineko the Shield-Bearer (Minotaur Fighter)        Turns: 6569, Time: 00:45:23

Health: -6/79      AC: 24    Str: 25    XL:     9   Next: 22%
Magic:  23/23      EV:  8    Int:  1    God:    Xom [....*.]
Gold:   216        SH:  0    Dex:  9    Spells: 0 memorised, 16 levels left

rFire  + . .     SeeInvis .     v - +2 quarterstaff (chaos)
rCold  . . .     Rnd*Rage +     i - +1 plate armour
rNeg   . . .     SustAt   .     (no shield)
rPois  .         Gourm    +     (helmet restricted)
rElec  .         Spirit   .     j - +0 cloak
rCorr  .         Warding  .     y - +0 pair of gloves
rMut   .         Stasis   .     (no boots)
MR     .....                    C - amulet of the gourmand
Stlth  ..........               e - +5 ring of protection
                                s - ring of magical power

@: not resistant to hostile enchantments, extremely unstealthy
A: retaliatory headbutt, horns 2, slimy green scales 1, berserk 1, dopey 2, fire
resistance 1, regeneration 1, screaming 2, wild magic 1
a: Renounce Religion


You were on level 8 of the Dungeon.
You worshipped Xom.
You were a beloved toy of Xom.
You were not hungry.

You visited 2 branches of the dungeon, and saw 9 of its levels.

You collected 216 gold pieces.

Inventory:

Hand weapons
 v - a +2 quarterstaff of chaos (weapon)
Armour
 i - a +1 plate armour (worn)
 j - a +0 cloak (worn)
 y - a +0 pair of gloves (worn)
Magical staves
 o - an uncursed staff of power
Jewellery
 e - a +5 ring of protection (right hand)
 s - a ring of magical power (left hand)
 C - an amulet of the gourmand (around neck)
Magical devices
 b - a wand of polymorph (16)
 c - a wand of flame (17)
 z - a wand of frost (22)
 A - a wand of cold (8)
Scrolls
 l - 3 scrolls of identify
 p - a scroll of blinking
 r - 3 scrolls of teleportation
 u - 2 scrolls of fear
 w - 4 scrolls of remove curse
 D - a scroll of enchant armour
Potions
 d - 3 potions of might
 f - a potion of magic
 k - a potion of degeneration {unknown}
 n - 4 potions of poison
 q - a potion of flight {unknown}
 t - a potion of haste
Comestibles
 a - a beef jerky
 m - 4 meat rations
 x - a bread ration


   Skills:
 + Level 7.1 Fighting
   Level 6.6(7.1) Axes
   Level 3.6(5.8) Maces & Flails
 + Level 2.0(3.1) Staves
 + Level 3.1 Throwing
 + Level 7.3 Armour
 + Level 4.3 Dodging
 + Level 2.7 Stealth
   Level 7.7 Shields
 + Level 3.3 Unarmed Combat
 * Level 4.2 Spellcasting


You had 16 spell levels left.
You didn't know any spells.

Dungeon Overview and Level Annotations

Branches:
Dungeon (8/15)             Temple (1/1) D:7
   Lair: D:8-11

Altars:
Cheibriados
Dithmenos
Elyvilon
Fedhas
Gozag
Kikubaaqudgha
Makhleb
Nemelex Xobeh
Qazlal
Ru
Sif Muna
Trog
Vehumet
Xom
Yredelemnul
Zin
The Shining One

Shops:
D:8 ?

Annotations:
D:2 Sigmund


Innate Abilities, Weirdness & Mutations

You reflexively headbutt those who attack you in melee.
You have a pair of horns on your head.
You are partially covered in slimy green scales (AC +2).
You tend to lose your temper in combat.
You are very dopey. (Int -4)
Your flesh is heat resistant.
Your natural rate of healing is unusually fast.
You sometimes yell uncontrollably at your foes.
Your spells are a little harder to cast, but a little more powerful.


Message History

You headbutt the electric eel, but do no damage.
Your unstable footing causes you to fumble your attack.
The plant is engulfed in a cloud of scalding steam. x2
The plant seems less confused.
The electric eel shoots out a bolt of lightning at you!
The bolt of electricity hits you!
* * * LOW HITPOINT WARNING * * *
You hit the electric eel.
The electric eel is poisoned.
You headbutt the electric eel!
The electric eel is heavily wounded.
Unknown command.
You thump the electric eel! You freeze the electric eel.
You kill the electric eel!
Your base Staves skill increases to level 2!
The electric eel shoots out a bolt of lightning at you!
The bolt of electricity hits you!
* * * LOW HITPOINT WARNING * * *
The electric eel shoots out a bolt of lightning at you!
The bolt of electricity hits you!
You die...

♣≈≈≈≈≈≈≈≈§≈♣P≈♣.# #.#
≈≈≈ ≈≈≈≈≈§≈≈≈≈≈.# #.#
P≈P≈♣≈≈≈≈≈≈P≈♣..####.###
#≈≈≈P≈≈≈≈P≈≈♣♣..........
♣P≈≈♣≈≈≈≈♣≈≈♣.######...
♣≈≈≈≈≈≈P≈≈§≈♣## ###...
♣≈≈≈≈≈≈P≈≈P.. #....#
♣≈P≈♣≈≈≈≈♣ #.##..
♣≈≈;@≈≈♣≈≈.# ##.##.#
#≈♣♣≈≈≈≈♣ # #..).(#
#P≈≈♣≈# #..#### ##♣≈♣...
#..# #.###.##### #..#
#.....# #..# #####.#
#..# #.# ####..#### ##.#
##.........


You could see an electric eel.

Vanquished Creatures
  The ghost of sqallbeste the Covert, an experienced SpAs of Dithmenos (D:5)
  3 ogres
  An ice beast (D:8)
  2 sky beasts
  A black bear (D:8)
  3 giant frogs
  A scorpion (D:4)
  6 wights
  An electric eel (D:8)
  A hound (D:5)
  A crimson imp (D:6)
  2 centaur zombies
  A giant frog skeleton (D:4)
  2 jellies
  A quasit (D:5)
  Crazy Yiuf (D:6)
  Ijyb (D:3)
  3 orc priests
  2 orc wizards
  5 worker ants
  2 iguanas
  A killer bee zombie (D:8)
  6 adders
  4 gnolls (D:6)
  3 shadow imps
  An adder zombie (D:7)
  3 worms
  18 orcs
  8 bats
  A bat skeleton (D:4)
  6 giant cockroaches
  8 goblins
  6 hobgoblins
  12 jackals
  10 kobolds
  3 ball pythons
  A giant cockroach zombie (D:5)
  3 giant geckos
  6 giant newts
  4 quokkas
  2 quokka skeletons
  10 rats
157 creatures vanquished.

Vanquished Creatures (collateral kills)
  2 wights (D:8)
  A giant frog skeleton (D:5)
  A hound (D:8)
  A bat (D:5)
  A hobgoblin (D:5)
6 creatures vanquished.

Vanquished Creatures (others)
  A wight (D:8)
1 creature vanquished.

Grand Total: 164 creatures vanquished

Notes
Turn   | Place    | Note
--------------------------------------------------------------
     0 | D:1      | Umineko the Minotaur Fighter began the quest for the Orb.
     0 | D:1      | Reached XP level 1. HP: 19/19 MP: 0/0
   123 | D:1      | Reached XP level 2. HP: 21/27 MP: 1/1
   125 | D:1      | Reached skill level 4 in Fighting
   343 | D:1      | Gained mutation: You tend to lose your temper in combat. [potion of mutation]
   343 | D:1      | Gained mutation: Your spells are a little harder to cast, but a little more powerful. [potion of mutation]
   343 | D:1      | Gained mutation: You are partially covered in slimy green scales (AC +2). [potion of mutation]
   444 | D:2      | Noticed Sigmund
   462 | D:2      | Reached XP level 3. HP: 9/33 MP: 2/2
  1608 | D:2      | Reached XP level 4. HP: 26/40 MP: 3/3
  2262 | D:3      | Found a faded altar to an unknown god.
  2302 | D:3      | Became a worshipper of Xom the Tricky
  2407 | D:3      | Reached skill level 1 in Spellcasting
  2483 | D:3      | XOM: potion effect (experience)
  2483 | D:3      | Reached skill level 6 in Fighting
  2483 | D:3      | Reached skill level 5 in Axes
  2483 | D:3      | Reached skill level 5 in Shields
  2483 | D:3      | Reached XP level 5. HP: 40/50 MP: 4/8
  2489 | D:3      | Reached XP level 6. HP: 45/57 MP: 4/9
  2497 | D:3      | XOM: potion effect (brilliance)
  2532 | D:3      | Noticed Ijyb
  2545 | D:3      | Killed Ijyb
  2690 | D:3      | Found a burning altar of Makhleb.
  2770 | D:3      | Found an opulent altar of Gozag.
  2774 | D:3      | Found a sacrificial altar of Ru.
  2779 | D:3      | XOM: mild Hex miscast
  2782 | D:3      | Found a shimmering altar of Xom.
  3494 | D:4      | Found a basalt altar of Yredelemnul.
  3517 | D:4      | Found a glowing golden altar of the Shining One.
  3519 | D:4      | Noticed an angel
  4051 | D:4      | Reached XP level 7. HP: 63/63 MP: 11/11
  4083 | D:5      | Entered Level 5 of the Dungeon
  4144 | D:5      | Noticed sqallbeste's ghost (experienced SpAs)
  4227 | D:5      | XOM: cast spell 'Discord'
  4244 | D:5      | XOM: confusion (+ monsters)
  4252 | D:5      | XOM: chaos cloud
  4256 | D:5      | XOM: summons friendly shadow imp
  4266 | D:5      | XOM: potion effect (berserk rage)
  4271 | D:5      | XOM: summons friendly ufetubus
  4288 | D:5      | XOM: confuse monster(s)
  4292 | D:5      | XOM: summons 2 friendly demons
  4299 | D:5      | Killed sqallbeste's ghost
  4493 | D:6      | Reached skill level 7 in Shields
  4510 | D:6      | XOM: give mutations
  4510 | D:6      | Gained mutation: You occasionally shout uncontrollably at your foes. [Xom's mischief]
  4510 | D:6      | Gained mutation: You sometimes yell uncontrollably at your foes. [Xom's mischief]
  4510 | D:6      | Gained mutation: You are dopey. (Int -2) [Xom's mischief]
  4510 | D:6      | Gained mutation: Your body sometimes deteriorates upon taking damage. [Xom's mischief]
  4591 | D:6      | XOM: confusion
  4598 | D:6      | Reached XP level 8. HP: 43/71 MP: 12/12
  4600 | D:6      | XOM: 5-stop teleportation journey
  4680 | D:6      | XOM: vitrification
  4683 | D:6      | XOM: give mutations
  4683 | D:6      | Gained mutation: Your flesh is heat resistant. [Xom's mischief]
  4683 | D:6      | Gained mutation: You are very dopey. (Int -4) [Xom's mischief]
  4683 | D:6      | Lost mutation: Your body sometimes deteriorates upon taking damage. [Xom's mischief]
  4957 | D:6      | XOM: noise
  4963 | D:6      | XOM: stat loss: -1 Str (23/24)
  4984 | D:6      | Noticed Crazy Yiuf
  4989 | D:6      | Killed Crazy Yiuf
  5054 | D:6      | XOM: harmless Necr miscast
  5062 | D:6      | XOM: 1-stop teleportation journey
  5074 | D:6      | XOM: mild Ice miscast
  5219 | D:7      | XOM: confusion (+ monsters)
  5389 | D:7      | Gained mutation: Your natural rate of healing is unusually fast. [potion of mutation]
  5396 | D:7      | Found a staircase to the Ecumenical Temple.
  5408 | Temple   | Entered the Ecumenical Temple
  5574 | D:7      | XOM: 6-stop teleportation journey
  5824 | D:8      | XOM: enchant monster (bad)
  5906 | D:8      | XOM: confuse monster(s)
  5908 | D:8      | Found a stormy altar of Qazlal.
  5908 | D:8      | XOM: summons friendly quasit
  5930 | D:8      | Reached XP level 9. HP: 79/79 MP: 14/14
  6058 | D:8      | Reached skill level 1 in Staves
  6104 | D:8      | Found a radiant altar of Vehumet.
  6104 | D:8      | Found a glowing silver altar of Zin.
  6205 | D:8      | XOM: god gift: scroll labeled KIGYTH WOQOHO
  6415 | D:8      | Found Juoch's Magic Scroll Shop.
  6558 | D:8      | XOM: swap monsters
  6563 | D:8      | XOM: destruction
  6569 | D:8      | Killed from afar by an electric eel

Vault maps used:
D:1:      ncdulo_wetmaze
D:2:      uniq_sigmund
D:3:      old_standard_altar, minitemple, ecumenical_altar_2,
          roderic_roman_lattice, uniq_iyjb
D:4:      grunt_temple_overflow_holy_war, first_bread
D:6:      nicolae_overflow_hidden_temple, serial_shops, kennysheep_little_box,
          wad_rectangle_vault, uniq_menkaure, uniq_pikel,
          uniq_crazy_yiuf_cottage
D:7:      minmay_temple_entry_poolview, roderic_aztec_sauvastika,
          serial_park_tiny_1
D:8:      lemuel_round_altar, gammafunk_temple_overflow_elements, serial_shops,
          shop, serial_bayou_lake_a
Temple:   minmay_temple_bridge_a_8

Action                   |  1- 3 |  4- 6 |  7- 9 || total
-------------------------+-------+-------+-------++-------
Melee: War axe           |   126 |   145 |   143 ||   414
       Quarterstaff      |       |       |   120 ||   120
  Use: Scroll            |     4 |       |     7 ||    11
       Potion            |     1 |     5 |     1 ||     7
  Eat: Bread ration      |     1 |     1 |     2 ||     4
       Meat ration       |       |     1 |       ||     1
